 Dungeon Crawl Stone Soup version 0.21.0-3-g78d12a8 (webtiles) character file.

266 Inkary the Covered (level 6, -1/50 HPs)
             Began as a Barachi Fighter on Jan 9, 2018.
             Killed from afar by an orc wizard (3 damage)
             ... with a magic dart
             ... on level 4 of the Dungeon.
             The game lasted 00:03:55 (1634 turns).

Inkary the Covered (Barachi Fighter)                Turns: 1634, Time: 00:03:56

Health: -1/50      AC:  7    Str: 21    XL:     6   Next: 20%
Magic:  6/6        EV:  7    Int: 10    God:
Gold:   109        SH: 12    Dex: 12    Spells: 5/5 levels left

rFire    . . .     SeeInvis .   a - +0 war axe
rCold    . . .     Gourm    .   c - +0 shield
rNeg     . . .     Faith    .   b - +0 scale mail
rPois    .         Spirit   .   (no helmet)
rElec    .         Reflect  +   (no cloak)
rCorr    .         Harm     .   (no gloves)
MR       .....                  (no boots)
Stlth    ..........             g - +2 amulet of reflection
HPRegen  0.16/turn              (no ring)
MPRegen  0.10/turn              (no ring)

@: lethally poisoned (-1 -> -2), slow
A: +LOS, swims, clever 1, slowness 1, strong 1, subdued magic 1, strong legs 1
a: Hop


You were on level 4 of the Dungeon.
You were hungry.

You visited 1 branch of the dungeon, and saw 4 of its levels.

You collected 109 gold pieces.

Inventory:

Hand Weapons
 a - a +0 war axe (weapon)
 h - a +5 flail of crushing
Armour
 b - a +0 scale mail (worn)
 c - a +0 shield (worn)
Jewellery
 g - a +2 amulet of reflection (around neck)
Scrolls
 e - 2 scrolls of teleportation {unknown}
 i - 4 scrolls of identify {unknown}
 j - a scroll of fog {unknown}
 l - 2 scrolls of remove curse {unknown}
 o - 2 scrolls of blinking {unknown}
 r - a scroll of immolation {unknown}
Potions
 d - a potion of might
 k - a potion of brilliance {unknown}
 p - a potion of ambrosia {unknown}
 q - a potion of degeneration {unknown}
Comestibles
 f - 5 rations


   Skills:
 + Level 4.8 Fighting
 * Level 4.6 Axes
 + Level 4.8 Armour
 + Level 4.4 Shields


You had 5 spell levels left.
You didn't know any spells.

Dungeon Overview and Level Annotations

Branches:
Dungeon (4/15)
 Temple: D:4-7

Altars:

Annotations:
D:3 Thaneod's ghost, amateur MiAE


Innate Abilities, Weirdness & Mutations

Shadows flee at your approach. (+LOS)
You can swim through water.
You cover ground slowly.
You can hop short distances.
Your mind is acute. (Int +2)
Your muscles are strong. (Str +2)
Your spells are a little easier to cast, but a little less powerful.


Message History

You feel sick.
The orc wizard mumbles some strange words.
The orc wizard blinks!
It was a potion of mutation.
You feel extremely strange.
Your connection to magic feels subdued.
You feel clever.
You feel stronger.
It was a potion of flight.
You feel very buoyant.
You fly up into the air.
It was a potion of cancellation.
Your magical effects are unravelling.
You feel magically purged.
You float gracefully downwards.
Okay, then.
h - a flail of crushing;
k - a murky silvery potion
* * * LOW HITPOINT WARNING * * *
You feel sick. The orc wizard casts a spell at you. The magic dart hits you!
The orc wizard points at you and mumbles some strange words.
The magic dart hits you!
You die...

.# # .... #.
#######....
#..#.##.@).......
...#....#.###...###
#.............##
#####...o.##.##
#........
.............
#.......#.#..#
#.......#.# .#
..%####.### #


You could see an orc wizard.

Vanquished Creatures
  Edmund (D:4)
  6 adders
  An ooze (D:4)
  A worm (D:3)
  3 dart slugs (D:1)
  2 leopard geckos
  2 orcs (D:4)
  5 giant cockroaches
  10 hobgoblins
  3 jackals (D:3)
  2 quokkas
  3 ball pythons
  7 bats
  9 goblins
  9 kobolds
  7 rats
71 creatures vanquished.

Notes
Turn   | Place    | Note
-------+----------+-------------------------------------------
     0 | D:1      | Inkary the Barachi Fighter began the quest for the Orb.
     0 | D:1      | Reached XP level 1. HP: 18/18 MP: 1/1
   313 | D:1      | Reached XP level 2. HP: 21/25 MP: 2/2
   598 | D:1      | Reached XP level 3. HP: 30/30 MP: 3/3
   881 | D:2      | Found a faded altar of an unknown god.
   991 | D:2      | Reached XP level 4. HP: 37/37 MP: 4/4
  1372 | D:3      | Reached XP level 5. HP: 33/43 MP: 5/5
  1592 | D:3      | Noticed Thaneod's ghost (amateur MiAE)
  1606 | D:4      | Noticed Edmund
  1620 | D:4      | Killed Edmund
  1620 | D:4      | Reached XP level 6. HP: 9/50 MP: 6/6
  1630 | D:4      | HP: 2/50 [poisoned by an orc wizard]
  1631 | D:4      | Gained mutation: Your spells are a little easier to cast, but a little less powerful. [potion of mutation]
  1631 | D:4      | Gained mutation: Your mind is acute. (Int +2) [potion of mutation]
  1631 | D:4      | Gained mutation: Your muscles are strong. (Str +2) [potion of mutation]
  1634 | D:4      | Killed from afar by an orc wizard

Skill      XL: |  1  2  3  4  5 |
---------------+----------------+-----
Axes           | 3 4 |  4.6
Fighting       | 4 |  4.8
Armour         | 4 |  4.8
Shields        | 4 |  4.4

Action                   |  1- 3 |  4- 6 || total
-------------------------+-------+-------++-------
Melee: War axe           |   128 |   108 ||   236
  Use: Potion            |       |     3 ||     3
  Eat: Chunk             |     1 |     2 ||     3
Armor: Scale mail        |    79 |    52 ||   131
Dodge: Dodged            |    30 |    37 ||    67
Block: Shield            |    95 |    75 ||   170
       Reflection        |       |     1 ||     1
